 Dungeon Sprint DCSS version 0.24-a0-530-g18ba70b5 (webtiles) character file.

Game seed: 16227746768868904084

431 silentkaos13 the Prestidigitator (level 7, -8/41 HPs)
             Began as a Kobold Artificer on Aug 8, 2019.
             Was an Initiate of Nemelex Xobeh.
             Mangled by a slime creature (13 damage)
             ... in the Dungeon (Sprint I: "Red Sonja").
             The game lasted 00:01:33 (501 turns).

silentkaos13 the Prestidigitator (Kobold Artificer)  Turns: 501, Time: 00:01:33

Health: -8/41      AC:  3    Str: 11    XL:     7   Next: 20%
Magic:  17/17      EV: 19    Int: 13    God:    Nemelex Xobeh [......]
Gold:   297        SH:  0    Dex: 15    Spells: 6/6 levels left

rFire    . . .     SeeInvis .   a - +0 short sword
rCold    . . .     Gourm    .   (shield restricted)
rNeg     . . .     Faith    .   b - +0 leather armour
rPois    .         Spirit   .   (no helmet)
rElec    .         Reflect  .   (no cloak)
rCorr    .         Harm     .   (no gloves)
MR       .....     NoTele   +   (no boots)
Stlth    ++........             (no amulet)
HPRegen  0.13/turn              (no ring)
MPRegen  0.15/turn              (no ring)

@: no status effects
A: small, carnivore
a: Draw Escape, Draw Destruction, Draw Summoning, Renounce Religion


You were in the Dungeon.
You worshipped Nemelex Xobeh.
Nemelex Xobeh was noncommittal.
You were completely stuffed.

You visited 1 branch You collected 297 gold pieces.

Inventory:

Hand Weapons
 a - a +0 short sword (weapon)
Armour
 b - a +0 leather armour (worn)
Wands
 c - a wand of flame (3)
 d - a wand of enslavement (15)
 e - a wand of random effects (9)
Scrolls
 l - a scroll of blinking
Potions
 g - a potion of curing
 h - a potion of heal wounds
 i - a potion of haste
 j - 2 potions of magic
 k - a potion of berserk rage
 m - a potion of flight {unknown}
Comestibles
 f - 3 rations


   Skills:
 + Level 3.1 Fighting
 + Level 5.3 Short Blades
 + Level 0.3 Armour
 + Level 7.4 Dodging
 + Level 1.7 Stealth
 + Level 14.2 Evocations


You had 6 spell levels left.
You didn't know any spells.
Your spell library was empty.

Dungeon Overview and Level Annotations

Branches:
Dungeon (1/1)

Altars:
Cheibriados
Dithmenos
Elyvilon
Fedhas
Gozag
Hepliaklqana
Kikubaaqudgha
Makhleb
Nemelex Xobeh
Okawaru
Qazlal
Ru
Sif Muna
Trog
Uskayaw
Vehumet
Wu Jian
Xom
Yredelemnul
Zin
The Shining One
Jiyva
Lugonu

Shops:
D *


Innate Abilities, Weirdness & Mutations

You are small and have problems with some larger weapons.
You are carnivorous and can eat meat at any time.


Message History

The puff of flame hits the slime creature!
The slime creature is heavily wounded.
The slime creature hits you!! The slime creature misses you.
Evoke which item? (* to show all) (? for menu, Esc to quit)
Aiming: Throw Flame
Press: ? - help, Shift-Dir - straight line, f/p - slime creature
Aim: a slime creature (heavily wounded, fast)
The puff of flame hits the slime creature!
The slime creature is severely wounded.
The slime creature hits you!
* * * LOW HITPOINT WARNING * * *
Evoke which item? (* to show all) (? for menu, Esc to quit)
Aiming: Throw Flame
Press: ? - help, Shift-Dir - straight line, f/p - slime creature
Aim: a slime creature (severely wounded, fast)
The puff of flame hits the slime creature!
The slime creature is almost dead.
The slime creature hits you!
You die...
Your body disappears without a glow.

################ ##
#<.#..'..#.)'..#__#
#..)..#.)'..#.@J..+
#..#####'#####'#__#
#..####..#...#.# ##
#..#__####..##.#
#..#_____##'#_.+
#⌠⌠#_.∩..÷'..._#
####_..__##_.#'#
#_____###+#(#
####### ###


You could see a slime creature.

Vanquished Creatures
  Sigmund (D)
  A yak (D)
  An ogre (D)
  A jelly (D)
  Ijyb (D)
5 creatures vanquished.

Notes
Turn   | Place    | Note
-------+----------+-------------------------------------------
     0 | D        | silentkaos13 the Kobold Artificer began the quest for the
                  | Orb.
     0 | D        | Reached XP level 1. HP: 12/12 MP: 3/3
     1 | D        | Noticed Ijyb
     4 | D        | Killed Ijyb
     4 | D        | Reached skill level 7 in Evocations
     4 | D        | Reached XP level 2. HP: 16/16 MP: 3/6
     4 | D        | Reached XP level 3. HP: 20/20 MP: 4/8
    43 | D        | Noticed an ogre
    44 | D        | Killed an ogre
    44 | D        | Reached skill level 10 in Evocations
    44 | D        | Reached XP level 4. HP: 26/26 MP: 9/11
    44 | D        | Reached XP level 5. HP: 30/30 MP: 9/12
    58 | D        | Noticed Sigmund
    80 | D        | Killed Sigmund
    80 | D        | Reached skill level 12 in Evocations
    80 | D        | Reached XP level 6. HP: 36/36 MP: 13/15
   105 | D        | Found an ornate altar of the Wu Jian Council.
   105 | D        | Found a deep blue altar of Sif Muna.
   107 | D        | Found a radiant altar of Vehumet.
   111 | D        | Reached skill level 13 in Evocations
   169 | D        | Found Wetui's General Store.
   169 | D        | Found an ancient bone altar of Kikubaaqudgha.
   169 | D        | Found a hazy altar of Hepliaklqana.
   169 | D        | Found a stormy altar of Qazlal.
   169 | D        | Found a hide-covered altar of Uskayaw.
   169 | D        | Found a blossoming altar of Fedhas.
   169 | D        | Found a bloodstained altar of Trog.
   169 | D        | Found an iron altar of Okawaru.
   169 | D        | Found a basalt altar of Yredelemnul.
   169 | D        | Found a glowing golden altar of the Shining One.
   169 | D        | Found a snail-covered altar of Cheibriados.
   169 | D        | Found a sacrificial altar of Ru.
   169 | D        | Found a glowing silver altar of Zin.
   169 | D        | Found a shadowy altar of Dithmenos.
   169 | D        | Found a white marble altar of Elyvilon.
   169 | D        | Noticed a yak
   170 | D        | Found an opulent altar of Gozag.
   175 | D        | Killed a yak
   175 | D        | Reached skill level 5 in Short Blades
   175 | D        | Reached skill level 14 in Evocations
   175 | D        | Reached XP level 7. HP: 15/41 MP: 15/17
   176 | D        | Found a sparkling altar of Nemelex Xobeh.
   180 | D        | Became a worshipper of Nemelex Xobeh the Trickster
   496 | D        | Found a burning altar of Makhleb.
   496 | D        | Received a gift from Nemelex Xobeh
   496 | D        | Found a viscous altar of Jiyva.
   496 | D        | Found a shimmering altar of Xom.
   496 | D        | Found a corrupted altar of Lugonu.
   496 | D        | Noticed a slime creature
   501 | D        | Mangled by a slime creature

Levels and vault maps discovered:
D:        dungeon_sprint_1 [red_sonja_temple_1, red_sonja_temple_small_1]

Skill      XL: |  1  2  3  4  5  6 |
---------------+-------------------+-----
Dodging        | 3 4 6 7 |  7.4
Evocations     | 7 10 12 14 | 14.2
Fighting       | 2 3 |  3.1
Short Blades   | 2 4 5 |  5.3
Armour         | |  0.3
Stealth        | |  1.7

Action                   |  1- 3 |  4- 6 |  7- 9 || total
-------------------------+-------+-------+-------++-------
Melee: Short sword       |       |    19 |       ||    19
Evoke: Wand              |     3 |     9 |     6 ||    18
  Eat: Chunk             |     2 |       |     5 ||     7
Armor: Leather armour    |       |     1 |       ||     1
Dodge: Dodged            |       |    13 |     2 ||    15

Table legend:
 A = Non-vault XP
 B = Vault XP
 C = Vault XP percentage of total XP
 D = Non-vault monster count
 E = Vault monster count
 F = Vault count percentage of total count
                 A         B        C        D         E       F
            +---------+---------+-------+---------+---------+-------
      Total |       0 |     617 | 100.0 |       0 |       5 | 100.0
            +---------+---------+-------+---------+---------+-------
          D |       0 |     617 | 100.0 |       0 |       5 | 100.0
            +---------+---------+-------+---------+---------+-------
